 Dungeon Crawl Stone Soup version 0.16.2-12-gd0ad4c3 (webtiles) character file.

70 SlimeFever the Insei (level 4, -2/35 HPs)
             Began as a Demonspawn Monk on Oct 5, 2015.
             Slain by Sigmund
             ... wielding a +2 scythe of slicing
              (5 damage)
             ... on level 2 of the Dungeon.
             The game lasted 00:10:26 (1093 turns).

SlimeFever the Insei (Demonspawn Monk)              Turns: 1093, Time: 00:10:26

Health: -2/35      AC:  4    Str: 13    XL:     4   Next: 3%
Magic:  0/4        EV: 13    Int: 11    God:
Gold:   118        SH:  0    Dex: 15    Spells: 0 memorised, 3 levels left

rFire  x . .     SeeInvis .       - Unarmed
rCold  + . .     Clarity  .     j - +0 robe
rNeg   . . .     SustAb   .     (no shield)
rPois  .         Gourm    .     (no helmet)
rElec  .         Spirit   +     (no cloak)
rCorr  .         Warding  .     m - +0 pair of gloves
rMut   .         Stasis   .     (no boots)
MR     .....                    g - amulet of guardian spirit
Stlth  ++........               (no ring)
                                e - ring of ice

@: not resistant to hostile enchantments, unstealthy
A: hooves 1, molten scales 1, powered by death 1
a: no special abilities


You were on level 2 of the Dungeon.
You were hungry.

You visited 1 branch of the dungeon, and saw 2 of its levels.

You collected 118 gold pieces.

Inventory:

Hand weapons
 a - a +0 hunting sling of flaming
Missiles
 i - 16 poisoned needles
 k - 22 sling bullets
Armour
 j - a +0 robe (worn)
 m - a +0 pair of gloves (worn)
Jewellery
 e - a ring of ice (left hand)
 g - an amulet of guardian spirit (around neck)
Scrolls
 h - a scroll of enchant weapon
Potions
 d - a potion of lignification
 f - a potion of agility {unknown}
 n - a potion of cancellation {unknown}
Comestibles
 b - 2 bread rations
 c - 2 meat rations
 l - a royal jelly


   Skills:
 + Level 3.1 Fighting
 * Level 3.3 Dodging
 * Level 1.9 Stealth
 * Level 4.5 Unarmed Combat


You had 3 spell levels left.
You didn't know any spells.

Dungeon Overview and Level Annotations

Branches:
Dungeon (2/15)

Altars:

Annotations:
D:2 Sigmund


Innate Abilities, Weirdness & Mutations

You have large cloven feet.
You are partially covered in molten scales (AC +1).
You can steal the life force of nearby defeated enemies.


Message History

Sigmund is heavily wounded.
Sigmund closely misses you.
You hit Sigmund. You kick Sigmund, but do no damage.
Sigmund is severely wounded.
Sigmund hits you with a scythe of slicing!
You hit Sigmund but do no damage. Your kick misses Sigmund.
Sigmund is severely wounded.
You hit Sigmund.
Sigmund is almost dead.
Sigmund misses you.
You barely miss Sigmund. Your kick misses Sigmund.
Sigmund is almost dead.
You hit Sigmund. Your kick misses Sigmund.
Sigmund is almost dead.
Sigmund hits you with a scythe of slicing!
* * * LOW HITPOINT WARNING * * *
x2 You hit Sigmund but do no damage.
Your kick misses Sigmund.
Sigmund is almost dead.
Sigmund hits you with a scythe of slicing.
You die...

#().......#
#############.........#
#..................>..#
..############........#
...^..# ####......##
#####....###......####
#.(.......##
#####.....###
#......@@g# ##
#.#######......# .# #.
#..#.# ..# ###. ..# ...
.. ... # ####.# .....#
##..##


You could see Sigmund and a hobgoblin.

Vanquished Creatures
  2 adders (D:2)
  A giant mite (D:1)
  A worm (D:2)
  A giant gecko (D:1)
  An ooze (D:2)
  A ball python (D:2)
  5 giant cockroaches
  5 hobgoblins
  4 kobolds
  3 giant newts (D:1)
  6 goblins
  4 rats
34 creatures vanquished.

Notes
Turn   | Place    | Note
--------------------------------------------------------------
     0 | D:1      | SlimeFever, the Demonspawn Monk, began the quest for the Orb.
     0 | D:1      | Reached XP level 1. HP: 18/18 MP: 1/1
   182 | D:1      | Gained mutation: You can steal the life force of nearby defeated enemies. [demonic ancestry]
   182 | D:1      | Reached XP level 2. HP: 5/24 MP: 2/2
   348 | D:1      | Reached skill level 4 in Unarmed Combat
   611 | D:1      | Gained mutation: You are partially covered in molten scales (AC +1). [demonic ancestry]
   611 | D:1      | Reached XP level 3. HP: 18/29 MP: 3/3
  1059 | D:2      | Gained mutation: You have large cloven feet. [demonic ancestry]
  1059 | D:2      | Reached XP level 4. HP: 32/35 MP: 2/4
  1081 | D:2      | Noticed Sigmund
  1093 | D:2      | Slain by Sigmund

Action                   |  1- 3 |  4- 6 || total
-------------------------+-------+-------++-------
Melee: Unarmed           |   147 |    11 ||   158
  Use: Scroll            |     2 |       ||     2
 Stab: Sleeping          |     4 |       ||     4
